 Dungeon Crawl Stone Soup version 0.16-b1 (webtiles) character file.

14758 dysrexia the Jinx (level 11, -5/48 HPs)
             Began as a Felid Enchanter on Mar 8, 2015.
             Was a High Priest of Sif Muna.
             Slain by a catoblepas (13 damage)
             ... on level 4 of the Lair of Beasts.
             The game lasted 01:58:45 (19102 turns).

dysrexia the Jinx (Felid Enchanter)                Turns: 19102, Time: 01:58:45

Health: -5/48      AC:  4    Str:  4    XL:     11   Next: 92%
Magic:  7/28       EV:  4    Int: 20    God:    Sif Muna [*****.]
Gold:   738        SH:  0    Dex: 17    Spells: 7 memorised, 1 level left
                                        Lives:  0   Deaths: 3

rFire  . . .     SeeInvis +       - Unarmed
rCold  . . .     Clarity  .     (armour unavailable)
rNeg   + + +     SustAb   .     (shield unavailable)
rPois  ∞         Gourm    .     (helmet unavailable)
rElec  .         Spirit   .     (cloak unavailable)
rCorr  .         Warding  .     (gloves unavailable)
rMut   .         Stasis   .     (boots unavailable)
MR     +....                    h - amulet of regeneration
Stlth  +++++++...               e - ring of stealth
                                b - +2 ring of protection

@: petrified, quick, somewhat resistant to hostile enchantments, extremely
stealthy
A: paw claws, no armour, no weapons or thrown items, fangs 3, see invisible,
carnivore 3, speed 1, shaggy fur 2, slow metabolism 1, sharp paws
a: Channel Energy, Forget Spell, Renounce Religion


You were on level 4 of the Lair of Beasts.
You worshipped Sif Muna.
Sif Muna was extremely pleased with you.
You were completely stuffed.

You visited 4 branches of the dungeon, and saw 17 of its levels.
You also visited: Sewer and Bailey.

You collected 770 gold pieces.
You spent 32 gold pieces at shops.

Inventory:

Jewellery
 b - a +2 ring of protection (left paw)
 e - a ring of stealth (right paw)
 h - an amulet of regeneration (around neck)
 l - an uncursed ring of sustain abilities
 n - an uncursed amulet of guardian spirit {unknown}
 p - an uncursed amulet of clarity {unknown}
 q - a +4 ring of strength
 r - a +2 ring of dexterity
 t - the amulet of Equilibrium {rPois rF- rC+ Regen+ MP+9 Int-3}
   (You took it off a wight on level 6 of the Dungeon)

   [amulet of regeneration]

   It affects your intelligence (-3).
   It makes you vulnerable to fire.
   It protects you from cold.
   It protects you from poison.
   It affects your magic capacity (+9).
   It increases your rate of regeneration.
 z - a +2 ring of intelligence
 G - a +1 ring of protection
Magical devices
 x - a wand of lightning (0)
 D - a wand of confusion (14)
Scrolls
 a - 8 scrolls of teleportation
 j - 3 scrolls of recharging
 y - a scroll of magic mapping
 H - 2 scrolls of fog
 J - a scroll of remove curse
Potions
 f - 6 potions of curing
 g - 2 potions of cancellation
 k - a potion of haste {unknown}
 m - 2 potions of agility
 s - 2 potions of brilliance
 u - 3 potions of restore abilities
 w - 4 potions of lignification
 B - 2 potions of magic {unknown}
 C - a potion of invisibility {unknown}
 E - a potion of heal wounds {unknown}
 M - a potion of might {unknown}
Books
 c - a book of Maledictions

   Spells                             Type                      Level
   a - Corona                         Hexes                        1
   b - Sure Blade                     Hexes/Charms                 2
   c - Ensorcelled Hibernation        Hexes/Ice                    2
   d - Confuse                        Hexes                        3
   e - Dazzling Spray                 Conjuration/Hexes            3
   f - Enslavement                    Hexes                        4
 i - a book of Cantrips

   Spells                             Type                      Level
   a - Corona                         Hexes                        1
   b - Animate Skeleton               Necromancy                   1
   c - Summon Small Mammal            Summoning                    1
   d - Apportation                    Translocation                1
 A - a book of Burglary

   Spells                             Type                      Level
   a - Swiftness                      Charms/Air                   2
   b - Passwall                       Transmutation/Earth          3
   c - Passage of Golubria            Translocation                4
   d - Lee's Rapid Deconstruction     Earth                        5
   e - Invisibility                   Hexes                        6
   f - Darkness                       Hexes                        7
 I - the Collected Works on Enhancements
   (You found it on level 2 of the Lair of Beasts)

   Spells                             Type                      Level
   a - Sure Blade                     Hexes/Charms                 2
   b - Flight                         Charms/Air                   3
   c - Spectral Weapon                Hexes/Charms                 3
   d - Excruciating Wounds            Charms/Necromancy            5
   e - Deflect Missiles               Charms/Air                   6
Comestibles
 d - 11 meat rations
 o - 2 beef jerkies
 v - 8 royal jellies


   Skills:
 - Level 6.1 Fighting
 - Level 10.7 Dodging
 - Level 10.7 Stealth
 * Level 4.9 Unarmed Combat
 - Level 7.1 Spellcasting
 - Level 7.8 Conjurations
 - Level 12.7 Hexes
 + Level 0.2 Charms
 - Level 9.0 Translocations
 - Level 2.2 Ice Magic
 + Level 1.0 Air Magic


You had one spell level left.
You knew the following spells:

 Your Spells              Type           Power        Failure   Level  Hunger
a - Corona                Hex            ######.      1%          1    None
b - Ensorcelled Hibernat  Hex/Ice        #####.       1%          2    None
c - Dazzling Spray        Conj/Hex       #####...     1%          3    #......
d - Apportation           Tloc           #####.....   1%          1    None
e - Enslavement           Hex            ######..     1%          4    ###....
f - Deflect Missiles      Chrm/Air       #.........   100%        6    ######.
g - Invisibility          Hex            ######..     10%         6    ######.


Dungeon Overview and Level Annotations

Branches:
Dungeon (10/15)            Temple (1/1) D:6            Lair (4/8) D:8
    Orc (2/4) D:9
  Swamp: Lair:3-6    Shoals: Lair:3-6     Snake: Lair:3-6    Spider: Lair:3-6

Altars:
Ashenzari
Cheibriados
Kikubaaqudgha
Makhleb
Nemelex Xobeh
Okawaru
Ru
Sif Muna
Xom
Yredelemnul
Zin
The Shining One

Shops:
D:6 =   Orc:1 ?=[   Orc:2 :?

Annotations:
D:4 Menkaure
D:6 Edmund
D:10 abixa's ghost, powerful OgBe
Lair:1 exclusion: spiny frog
Lair:2 datmedicine's ghost, experienced DsFi
Lair:3 exclusion: hydra, Prince Ribbit


Innate Abilities, Weirdness & Mutations

You cannot wear armour.
You are incapable of wielding weapons or throwing items.
You have razor-sharp teeth.
You have supernaturally acute eyesight.
You are carnivorous and can eat meat at any time.
You cover ground quickly.
You are covered in thick fur (AC +2).
You have a slow metabolism.
Your paws have sharp claws that are effective at stabbing.


Message History

Your limbs are stiffening.
Casting: Dazzling Spray
Confirm with . or Enter, or press ? or * to list all spells.
Aiming: Dazzling Spray
Press: ? - help, Shift-Dir - straight line, f/p - catoblepas
Aim: a catoblepas (calcifying dust, severely wounded)
The spray of energy hits the catoblepas.
The catoblepas is almost dead.
The spray of energy hits the plant.
The plant is heavily damaged.
The catoblepas breathes a plume of calcifying dust at you.
The blast of calcifying dust hits you!
You have turned to stone.
You are engulfed in calcifying dust.
The catoblepas gores you!
You are engulfed in calcifying dust.
The catoblepas gores you!!
You are engulfed in calcifying dust.
The catoblepas snuffles in challenge.
The catoblepas gores you!!
* * * LOW HITPOINT WARNING * * *
You are engulfed in calcifying dust.
The catoblepas gores you!!
You die...

..#...†........§§§§§..#
.#............###..§.##
...........<.########..#
........††.....##......#
.............###....#P#
.##.......†..# #....###
#.........P###....#
...........##.P....###.
........§.§@Y.<.........
......................
.....................
.....................
............>......
..................
................
...............
.............


You could see a catoblepas.

Vanquished Creatures
  Harold (Lair:2)
  2 hydras
  2 elephants (Lair:2)
  3 spiny frogs
  A black mamba (Lair:2)
  A queen bee (D:8)
  A two-headed ogre (D:10)
  A troll (D:10)
  11 blink frogs
  3 basilisks
  9 yaks
  A deep elf mage (D:9)
  A steam dragon (D:10)
  A hungry ghost (D:9)
  6 hippogriffs
  A deep elf fighter (Bailey)
  8 water moccasins
  2 porcupines
  3 wargs
  3 ice beasts
  7 orc warriors
  3 ogres
  A necrophage (D:10)
  2 black bears
  2 sky beasts
  2 centaurs (D:5)
  6 crocodiles
  2 big kobolds (D:9)
  11 giant frogs
  3 scorpions
  22 killer bees
  6 wights
  2 goliath beetles
  2 crimson imps
  2 giant frog zombies
  5 orc priests
  5 hounds
  5 iguanas
  A giant frog skeleton (D:5)
  2 orc wizards (D:9)
  Natasha (thrice) (D:6)
  A quasit (D:8)
  10 worker ants
  13 sheep
  46 river rats
  16 adders
  5 gnolls
  3 shadow imps
  A worm (D:2)
  2 giant mites
  2 adder skeletons
  36 orcs
  20 bats
  2 bat skeletons
  A bat zombie (D:8)
  8 giant cockroaches
  16 goblins
  16 hobgoblins
  11 jackals
  22 kobolds
  An ooze (D:7)
  14 quokkas
  A ball python (D:4)
  8 giant geckos
  3 giant newts (D:1)
  A giant spore (D:9)
  18 rats
  3 ballistomycetes
  A fungus (Lair:3)
436 creatures vanquished.

Vanquished Creatures (collateral kills)
  7 elephants
  2 blink frogs
  2 yaks (Lair:2)
  An orc priest (D:10)
  A sheep (Lair:3)
  2 river rats (Lair:3)
  A jackal (D:7)
16 creatures vanquished.

Vanquished Creatures (others)
  An elephant (Lair:3)
  A blink frog (Lair:3)
  A yak (Lair:1)
  An ogre (D:7)
  A killer bee (D:8)
  3 sheep (Lair:3)
  2 orcs
  A giant spore (D:6)
  A fungus (Lair:3)
12 creatures vanquished.

Grand Total: 464 creatures vanquished

Notes
Turn   | Place    | Note
--------------------------------------------------------------
     0 | D:1      | dysrexia, the Felid Enchanter, began the quest for the Orb.
     0 | D:1      | Reached XP level 1. HP: 7/7 MP: 4/4
   311 | D:1      | Reached XP level 2. HP: 11/11 MP: 2/5
   479 | D:1      | Learned a level 2 spell: Ensorcelled Hibernation
   697 | D:1      | Reached skill level 5 in Hexes
  1107 | D:2      | Reached XP level 3. HP: 5/14 MP: 3/8
  1393 | D:2      | Reached skill level 1 in Ice Magic
  1877 | D:1      | Reached XP level 4. HP: 12/18 MP: 0/10
  2006 | D:2      | Learned a level 3 spell: Dazzling Spray
  2018 | D:2      | Reached skill level 6 in Hexes
  2075 | D:2      | Slain by a gnoll
  2076 | D:2      | Reached XP level 3. HP: 0/14 MP: 3/8
  2545 | D:3      | Reached XP level 4. HP: 9/18 MP: 0/10
  2730 | D:3      | Noticed a sky beast
  2748 | D:3      | Killed a sky beast
  2748 | D:3      | Reached XP level 5. HP: 21/21 MP: 3/12
  3319 | D:4      | Noticed an ogre
  3425 | D:4      | Reached skill level 7 in Hexes
  3476 | D:4      | Found a glowing drain.
  3539 | Sewer    | Entered a sewer
  3673 | Sewer    | Gained mutation: You are covered in thick fur (AC +2). [growing up]
  3673 | Sewer    | Reached XP level 6. HP: 24/24 MP: 1/14
  4213 | D:4      | Noticed Menkaure
  4294 | D:4      | Reached skill level 8 in Hexes
  4301 | D:4      | Noticed a phantom
  4507 | D:3      | Reached XP level 7. HP: 24/27 MP: 13/17
  4676 | D:5      | Entered Level 5 of the Dungeon
  5017 | D:5      | Reached skill level 5 in Dodging
  5017 | D:5      | Reached skill level 9 in Hexes
  5282 | D:5      | Reached skill level 1 in Conjurations
  5496 | D:5      | Found a sacrificial altar of Ru.
  5766 | D:5      | Learned a level 1 spell: Apportation
  5809 | D:6      | Killed by an exploding giant spore
  5810 | D:6      | Reached XP level 6. HP: -2/24 MP: 14/14
  5821 | D:6      | Found Vinish's Jewellery Shop.
  5849 | D:6      | Killed an ogre
  5849 | D:6      | Reached skill level 10 in Hexes
  5963 | D:6      | Noticed Natasha
  5967 | D:6      | Killed Natasha
  5967 | D:6      | Reached XP level 7. HP: 27/27 MP: 17/17
  6088 | D:6      | Noticed Edmund
  6088 | D:6      | Noticed Natasha
  6121 | D:6      | Killed Natasha
  6121 | D:6      | Reached skill level 5 in Stealth
  6426 | D:6      | Found a staircase to the Ecumenical Temple.
  6619 | D:6      | Got a scintillating pewter amulet
  6628 | D:6      | Noticed Natasha
  6657 | D:6      | Killed Natasha
  6672 | D:6      | Identified the amulet of Equilibrium {rPois rF- rC+ Regen+ MP+9 Int-3} (You took it off a wight on level 6 of the Dungeon)
  6677 | Temple   | Entered the Ecumenical Temple
  6692 | Temple   | Became a worshipper of Sif Muna the Loreminder
  6937 | D:6      | Reached skill level 1 in Translocations
  7062 | D:7      | Found an iron altar of Okawaru.
  7496 | D:7      | Reached XP level 8. HP: 31/31 MP: 11/18
  7502 | D:7      | Learned a level 4 spell: Enslavement
  7650 | D:7      | Acquired Sif Muna's first power
  7785 | D:8      | Found a staircase to the Lair.
  7918 | D:8      | Reached skill level 1 in Fighting
  8383 | D:8      | HP: 1/34 [poisoned by a killer bee]
  8543 | D:8      | Reached XP level 9. HP: 32/38 MP: 0/20
  8705 | D:8      | Noticed a queen bee
  8721 | D:8      | Killed a queen bee
  9203 | D:8      | Reached skill level 5 in Fighting
  9529 | Lair:1   | Entered Level 1 of the Lair of Beasts
  9668 | Lair:1   | Noticed a spiny frog
  9711 | Lair:1   | Noticed a spiny frog
  9880 | Lair:1   | Reached skill level 10 in Dodging
 10192 | Lair:1   | Noticed a four-headed hydra
 10244 | Lair:1   | Killed a four-headed hydra
 10244 | Lair:1   | Reached skill level 11 in Hexes
 10244 | Lair:1   | Reached XP level 10. HP: 45/45 MP: 0/24
 10439 | Lair:1   | Acquired Sif Muna's second power
 10503 | Lair:1   | Killed a spiny frog
 10728 | Lair:1   | Reached skill level 5 in Spellcasting
 11418 | Lair:2   | Noticed datmedicine's ghost (experienced DsFi)
 11562 | Lair:2   | Noticed a black mamba
 11564 | Lair:2   | Noticed an elephant
 11568 | Lair:2   | Killed a black mamba
 11568 | Lair:2   | Reached skill level 12 in Hexes
 11741 | Lair:2   | Noticed an elephant
 11741 | Lair:2   | Noticed an elephant
 11741 | Lair:2   | Noticed an elephant
 11741 | Lair:2   | Noticed an elephant
 11741 | Lair:2   | Noticed an elephant
 11741 | Lair:2   | Noticed an elephant
 12239 | Lair:2   | Noticed Harold
 12289 | Lair:2   | Killed Harold
 12289 | Lair:2   | Reached XP level 11. HP: 48/48 MP: 0/28
 12338 | Lair:2   | Noticed an elephant
 12338 | Lair:2   | Noticed an elephant
 12339 | Lair:2   | Noticed an elephant
 13085 | D:9      | Slain by a warg
 13086 | D:9      | Reached XP level 10. HP: -2/45 MP: 3/28
 13162 | D:9      | Found a staircase to the Orcish Mines.
 13718 | Orc:1    | Entered Level 1 of the Orcish Mines
 13718 | Orc:1    | Found Ikam's Antique Armour Shop.
 13757 | Orc:1    | Found Peserid's Jewellery Shoppe.
 13774 | Orc:1    | Reached skill level 5 in Conjurations
 13912 | Orc:1    | Found Fruragui's Magic Scroll Shop.
 13926 | Orc:1    | Bought a scroll of fog for 32 gold pieces
 14041 | Orc:2    | Found Houf's Book Emporium.
 14041 | Orc:2    | Found Sahu's Magic Scroll Shoppe.
 14046 | Orc:2    | Noticed an orc knight
 14367 | Lair:3   | Acquired Sif Muna's third power
 14372 | Lair:3   | Noticed a four-headed hydra
 14622 | D:10     | Entered Level 10 of the Dungeon
 14653 | D:10     | Found a glowing golden altar of the Shining One.
 14752 | D:10     | Reached skill level 10 in Stealth
 14849 | D:10     | Found a flagged portal.
 14963 | Bailey   | Entered a bailey
 15485 | D:10     | Noticed abixa's ghost (powerful OgBe)
 15906 | Lair:2   | Identified the Collected Works on Enhancements (You found it on level 2 of the Lair of Beasts)
 15920 | Lair:2   | Learned a level 6 spell: Deflect Missiles
 15947 | Lair:2   | Killed an elephant
 15957 | Lair:2   | Killed an elephant
 15957 | Lair:2   | Reached skill level 5 in Translocations
 15957 | Lair:2   | Reached XP level 11. HP: 48/48 MP: 3/28
 16223 | Lair:2   | Killed an elephant
 16232 | Lair:2   | Killed an elephant
 17421 | Lair:3   | Noticed Prince Ribbit
 17646 | Lair:2   | Killed an elephant
 17841 | Lair:3   | Killed a four-headed hydra
 18043 | Lair:3   | Noticed a five-headed hydra
 18829 | Lair:2   | Learned a level 6 spell: Invisibility
 19049 | Lair:4   | Reached skill level 1 in Air Magic
 19075 | Lair:4   | Noticed a catoblepas
 19102 | Lair:4   | Slain by a catoblepas

Action                   |  1- 3 |  4- 6 |  7- 9 | 10-12 || total
-------------------------+-------+-------+-------+-------++-------
Melee: Unarmed           |   120 |   129 |   219 |   311 ||   779
 Cast: Corona            |    21 |     5 |     9 |     4 ||    39
       Ensorcelled Hiber |    28 |    51 |    94 |   184 ||   357
       Dazzling Spray    |       |    11 |    89 |   226 ||   326
       Enslavement       |       |       |     7 |    57 ||    64
Invok: Channel Energy    |       |       |    10 |    60 ||    70
Evoke: Wand              |       |       |       |     2 ||     2
  Use: Scroll            |     4 |     5 |     6 |     8 ||    23
       Potion            |       |       |       |     2 ||     2
 Stab: Sleeping          |    23 |    39 |    76 |   129 ||   267
       Invisible         |       |     2 |     6 |    10 ||    18
       Distracted        |       |       |       |     1 ||     1
  Eat: Chunk             |    15 |    11 |    33 |    42 ||   101
